 Dungeon Crawl Stone Soup version 0.17-a0-1447-g3d113ad (webtiles) character file.

73 downad the Skirmisher (level 4, -4/37 HPs)
             Began as a Human Wanderer on June 29, 2015.
             Slain by afx's ghost (15 damage)
             ... on level 3 of the Dungeon.
             The game lasted 00:10:16 (1895 turns).

downad the Skirmisher (Human Wanderer)              Turns: 1895, Time: 00:10:16

Health: -4/37      AC:  5    Str: 13    XL:     4   Next: 51%
Magic:  3/4        EV: 11    Int: 13    God:
Gold:   103        SH:  0    Dex: 12    Spells: 1 memorised, 2 levels left

rFire  . . .     SeeInvis +     l - +4 short sword (venom)
rCold  . . .     Clarity  .     g - +0 ring mail (curse)
rNeg   . . .     SustAt   .     (no shield)
rPois  .         Gourm    .     (no helmet)
rElec  .         Spirit   .     (no cloak)
rCorr  .         Warding  .     (no gloves)
rMut   .         Stasis   .     (no boots)
MR     .....                    (no amulet)
Stlth  +.........               (no ring)
                                k - ring of see invisible

@: very slightly contaminated, not resistant to hostile enchantments, very
unstealthy
A: no striking features
a: no special abilities


You were on level 3 of the Dungeon.
You were not hungry.

You visited 1 branch of the dungeon, and saw 3 of its levels.

You collected 103 gold pieces.

Inventory:

Hand weapons
 l - a +4 short sword of venom (weapon)
 s - a +1 dagger of flaming
 t - a +0 hunting sling
Missiles
 i - 23 stones (quivered)
Armour
 f - a +0 leather armour
 g - a cursed +0 ring mail (worn)
 h - a +0 robe
 q - a +0 scale mail
 v - a +2 ring mail of cold resistance
Jewellery
 k - a ring of see invisible (left hand)
Scrolls
 a - a scroll of blinking
 d - a scroll of teleportation
 e - a scroll of recharging {unknown}
 m - a scroll of remove curse
Potions
 b - a potion of berserk rage
 c - 2 potions of curing
 n - a potion of mutation {unknown}
 o - 3 potions of poison {unknown}
Books
 j - a book of Conjurations

   Spells                             Type                      Level
   a - Magic Dart                     Conjuration                  1
   b - Searing Ray                    Conjuration                  2
   c - Dazzling Spray                 Conjuration/Hexes            3
   d - Fulminant Prism                Conjuration/Hexes            4
   e - Iskenderun's Mystic Blast      Conjuration                  4
   f - Iskenderun's Battlesphere      Conjuration/Charms           5
Comestibles
 p - 2 bread rations
 r - a royal jelly
 u - a meat ration


   Skills:
 + Level 4.0 Fighting
 + Level 0.4 Short Blades
 + Level 0.4 Armour
 + Level 2.6 Dodging
 + Level 2.5 Stealth
   Level 1.0 Shields
 + Level 2.2 Unarmed Combat


You had 2 spell levels left.
You knew the following spells:

 Your Spells              Type           Power        Failure   Level  Hunger
a - Magic Dart            Conj           #...         69%         1    ##.....


Dungeon Overview and Level Annotations

Branches:
Dungeon (3/15)

Altars:

Annotations:
D:3 afx's ghost, average OgFi


Message History

Afx's ghost shouts, "You will never get the ORB!"
Afx's ghost hits you! Afx's ghost hits you.
You hit afx's ghost.
Afx's ghost is lightly damaged.
Afx's ghost hits you.
You closely miss afx's ghost.
Afx's ghost is lightly damaged.
Afx's ghost barely misses you.
You hit afx's ghost.
Afx's ghost is lightly damaged.
Afx's ghost hits you.
You hit afx's ghost.
Afx's ghost is lightly damaged.
Afx's ghost hits you!
* * * LOW HITPOINT WARNING * * *
You feel better. Afx's ghost closely misses you.
Your ring mail prevents you from hitting afx's ghost.
Afx's ghost is lightly damaged.
Afx's ghost hits you!
You die...

.... ...<...
#........ #.........
#+ #......... #
#.#####.........
....#...............
#....@W.....(.....
###.........(.....
.....####...†......
#########..†#.....
........# )...
........# ...
.........#
.........# .......
...#####.# ......


You could see afx's ghost.

Vanquished Creatures
  An adder (D:2)
  3 oozes
  3 worms
  A giant gecko (D:3)
  2 giant cockroaches (D:2)
  4 hobgoblins (D:1)
  2 quokkas
  2 bats (D:1)
  4 giant newts
  8 goblins
  8 kobolds
  8 rats
46 creatures vanquished.

Notes
Turn   | Place    | Note
--------------------------------------------------------------
     0 | D:1      | downad the Human Wanderer began the quest for the Orb.
     0 | D:1      | downad set off with: a scroll of blinking, a potion of berserk rage, a potion of curing, a scroll of teleportation, a +0 robe, a +0 club, a +0 dagger, a bread ration
     0 | D:1      | Reached XP level 1. HP: 18/18 MP: 1/1
   180 | D:1      | Reached XP level 2. HP: 20/24 MP: 2/2
   482 | D:1      | Reached XP level 3. HP: 25/29 MP: 3/3
  1374 | D:2      | Reached XP level 4. HP: 37/37 MP: 4/4
  1464 | D:2      | Reached skill level 4 in Fighting
  1666 | D:2      | Learned a level 1 spell: Magic Dart
  1883 | D:3      | Noticed afx's ghost (average OgFi)
  1895 | D:3      | Slain by afx's ghost

Vault maps used:
D:1:      lightli_molten_gateway
D:2:      first_bread
D:3:      fedhas_altar_fruit_tree, uniq_terence

Action                   |  1- 3 |  4- 6 || total
-------------------------+-------+-------++-------
Melee: Club              |     9 |       ||     9
       Short sword       |    74 |    42 ||   116
Throw: Stone             |       |     5 ||     5
  Use: Scroll            |     1 |       ||     1
       Potion            |       |     1 ||     1
 Stab: Sleeping          |     5 |       ||     5
  Eat: Bread ration      |     1 |       ||     1
